 Dungeon Crawl Stone Soup version 0.30-a0-1082-g70414cbcbb (webtiles) character file.

Game seed: 14342334604108718564

2 Arzdou the Sneak (level 1, -1/9 HPs)
             Began as a Spriggan Enchanter on Apr 15, 2023.
             Slain by a gnoll
             ... wielding a +0 spear
              (5 damage)
             ... on level 1 of the Dungeon.
             The game lasted 00:00:17 (85 turns).

Arzdou the Sneak (Spriggan Enchanter)                 Turns: 85, Time: 00:00:18

Health: -1/9       AC:  2    Str:  4    XL:     1   Next: 25%
Magic:  5/5        EV: 17    Int: 16    God:
Gold:   46         SH:  0    Dex: 15    Spells: 5/5 levels left

rFire   . . .      SeeInvis +    a - +1 dagger
rCold   . . .      Faith    .    (no shield)
rNeg    . . .      Spirit   .    b - +0 robe
rPois   .          Reflect  .    (helmet restricted)
rElec   .          Rampage  .    (no cloak)
rCorr   .                        (gloves unavailable)
Will    .....                    (boots unavailable)
Stlth   +++                      (no amulet)
HPRegen 0.21/turn                (no ring)
MPRegen 0.09/turn                (no ring)

@: very quick
A: very small, no large weapons, unfitting armour, see invisible, speed 3
a: no special abilities


You were on level 1 of the Dungeon.
You visited 1 branch of the dungeon, and saw 1 of its levels.

You collected 46 gold pieces.

Inventory:

Hand Weapons
 a - a +1 dagger (weapon)
Armour
 b - a +0 robe (worn)
Scrolls
 e - a scroll of torment {unknown}
Potions
 c - 2 potions of invisibility
 d - a potion of resistance {unknown}
 f - a potion of curing {unknown}


   Skills:
 + Level 1.1 Short Blades
 + Level 2.7 Dodging
 + Level 4.4 Stealth
 + Level 2.7 Spellcasting
 + Level 3.7 Hexes


You had 5 spell levels left.
You didn't know any spells.
Your spell library contained the following spells:

 Spells                   Type           Power      Damage    Failure   Level
 Confusing Touch          Hex            14%        N/A       13%         3
 Tukima's Dance           Hex            14%        N/A       13%         3
 Ensorcelled Hibernation  Hex/Ice        16%        N/A       14%         2
 Dazzling Flash           Conj/Hex       16%        N/A       26%         3


Dungeon Overview and Level Annotations

Branches:
Dungeon (1/15)

Altars:


Innate Abilities, Weirdness & Mutations

You are very small and have problems with some larger weapons.
You are too small for most types of armour.
You have supernaturally acute eyesight. (SInv)
You cover ground extremely quickly. (Speed+++)


Message History

You closely miss the hobgoblin. The hobgoblin closely misses you.
You hit the hobgoblin.
The hobgoblin is heavily wounded.
The hobgoblin closely misses you.
You hit the hobgoblin.
You kill the hobgoblin!
You hit the rat.
The rat is moderately wounded.
The rat completely misses you.
You closely miss the rat.
The rat is moderately wounded.
The rat closely misses you.
You hit the rat.
You kill the rat!
No target in view!
You now have 11 gold pieces.
e - a scroll labelled HATAOD CYIDEUTUH
f - an amethyst potion You now have 21 gold pieces (gained 10).
You now have 38 gold pieces (gained 17).
You now have 46 gold pieces (gained 8).
A gnoll and a hobgoblin come into view.
Found a buckler and a spear.
The gnoll shouts!
The gnoll closely misses you.
You hit the gnoll but do no damage. The gnoll completely misses you.
You barely miss the gnoll. The gnoll hits you with a +0 spear.
Ouch! That really hurt!
The hobgoblin closely misses you.
You hit the gnoll.
The gnoll is lightly wounded.
The gnoll closely misses you. The hobgoblin closely misses you.
You hit the gnoll.
The gnoll is moderately wounded.
The hobgoblin closely misses you. The gnoll misses you.
You barely miss the gnoll.
The gnoll is moderately wounded.
The gnoll hits you with a +0 spear.
Ouch! That really hurt!
You die...

..........g.#.....##.#
............##.......#
............#####..###
.....g......## #...#
....###......# ###..##
.### ####...# #.....#
##...# #.....##
####..gg# #......##
#......@###.......##
#..........†...#...#
#####..........#...##
#.......#####...#
#.......# ###..#
~...P........+ ..#
.....P.P.....# ##
P~⌠⌠⌠P.P######
....P...#


You could see a gnoll and a hobgoblin.

Vanquished Creatures
  A hobgoblin (D:1)
  A rat (D:1)
2 creatures vanquished.

Notes
Turn   | Place    | Note
-------+----------+-------------------------------------------
     0 | D:1      | Arzdou the Spriggan Enchanter began the quest for the Orb.
     0 | D:1      | Reached XP level 1. HP: 9/9 MP: 5/5
    85 | D:1      | Slain by a gnoll

Illustrated notes

Levels and vault maps discovered:
D:1:      minmay_arrival_up_and_down, layout_basic,
          shapermc_ecumenical_altar_mp_ritualfount

Action                     || total
---------------------------++-------
  Melee: Dagger            ||    11
  Dodge: Dodged            ||    11

Table legend: (Time is in decaauts)
 A = Elapsed time spent in this place.
 B = Non-inter-level travel time spent in this place.
 C = Inter-level travel time spent in this place.
 D = Time resting spent in this place.
 E = Time spent auto-exploring this place.
 F = Levels seen in this place.
 G = Mean time per level.
                   A        B        C        D        E       F      G
               +--------+--------+--------+--------+--------+-----+--------+
         Total |     59 |     59 |      0 |      0 |     30 |   1 |   59.0 |
       Dungeon |     59 |     59 |      0 |      0 |     30 |   1 |   59.0 |
               +--------+--------+--------+--------+--------+-----+--------+

Top non-repeatable levels by time:
     D:1: 59 daAuts
